 Dungeon Crawl Stone Soup version 0.18-a0-27-g1f73fa3 (webtiles) character file.

74 Ordine the Chopper (level 4, -2/37 HPs)
             Began as a Hill Orc Gladiator on Nov 4, 2015.
             Slain by Natasha (6 damage)
             ... on level 2 of the Dungeon.
             The game lasted 00:06:58 (1658 turns).

Ordine the Chopper (Hill Orc Gladiator)             Turns: 1658, Time: 00:07:05

Health: -2/37      AC:  7    Str: 18    XL:     4   Next: 30%
Magic:  3/4        EV: 11    Int: 13    God:
Gold:   114        SH:  0    Dex: 11    Spells: 0 memorised, 3 levels left

rFire  . . .     SeeInvis .     a - +0 war axe
rCold  + . .     Clarity  .     g - +1 ring mail {rC+}
rNeg   . . .     SustAt   .     (no shield)
rPois  .         Gourm    .     c - +0 helmet
rElec  .         Spirit   .     (no cloak)
rCorr  .         Warding  .     (no gloves)
rMut   .         Stasis   .     (no boots)
MR     .....                    (no amulet)
Stlth  ..........               (no ring)
                                (no ring)

@: brilliant, slowed, very slow, not resistant to hostile enchantments,
extremely unstealthy
A: no striking features
a: no special abilities


You were on level 2 of the Dungeon.
You were hungry.

You visited 1 branch of the dungeon, and saw 2 of its levels.

You collected 114 gold pieces.

Inventory:

Hand Weapons
 a - a +0 war axe (weapon)
Missiles
 d - 3 throwing nets (quivered)
Armour
 c - a +0 helmet (worn)
 g - a +1 ring mail of cold resistance (worn)
Scrolls
 l - a scroll of blinking
Potions
 f - 2 potions of brilliance
Comestibles
 e - a bread ration
 i - 2 meat rations
 j - 3 fruits


   Skills:
 - Level 2.4 Fighting
 + Level 6.5 Axes
 - Level 2.0 Throwing
 - Level 2.4 Dodging


You had 3 spell levels left.
You didn't know any spells.

Dungeon Overview and Level Annotations

Branches:
Dungeon (2/15)

Altars:

Annotations:
D:2 Natasha


Message History

The giant gecko splashes around in the water.
The white imp summons a swarm of flies.
The white imp hits the plant but does no damage.
Unknown command.
Drink which item? (? for menu, Esc to quit)
It was a potion of curing.
You feel better. The giant gecko bites you.
* * * LOW HITPOINT WARNING * * *
Natasha claws you.
* * * LOW HITPOINT WARNING * * *
The white imp hits the plant but does no damage.
The giant gecko bites you but does no damage.
Drink which item? (? for menu, Esc to quit)
It was a potion of cure mutation.
It has a very clean taste.
Your vision seems duller.
You feel more energetic.
You feel a little more calm.
Natasha splashes around in the water.
The white imp hits the plant but does no damage.
The giant gecko splashes around in the water.
Natasha mewls in sadness.
Natasha claws you.
You die...

≈≈≈≈PP≈≈≈......#.......
≈≈≈≈≈≈P≈≈......##.......
≈≈≈≈≈≈≈≈P..............#
≈≈≈≈≈≈≈PP....#........#.
≈≈≈≈≈≈≈PP)..<####...#...
≈≈≈P≈P≈P5....# #####...
≈≈≈P≈≈≈PP≈...# ##..
≈≈≈≈≈≈h≈l≈...# #..
♣≈≈≈≈≈P@≈≈...# #..
♣♣♣♣######...... ...
...##.. ... ....# .
###..# #.# ..


You could see Natasha, a white imp and a giant gecko.

Vanquished Creatures
  Natasha (D:2)
  An adder (D:1)
  A worm (D:1)
  5 goblins
  3 hobgoblins
  8 jackals
  6 bats
  2 giant cockroaches (D:1)
  3 giant newts
  6 kobolds
  6 rats
42 creatures vanquished.

Notes
Turn   | Place    | Note
--------------------------------------------------------------
     0 | D:1      | Ordine the Hill Orc Gladiator began the quest for the Orb.
     0 | D:1      | Reached XP level 1. HP: 18/18 MP: 1/1
   275 | D:1      | Reached XP level 2. HP: 4/25 MP: 2/2
   922 | D:1      | Reached skill level 5 in Axes
   936 | D:1      | Reached XP level 3. HP: 27/30 MP: 3/3
  1332 | D:2      | Noticed Natasha
  1341 | D:2      | Killed Natasha
  1341 | D:2      | Reached skill level 6 in Axes
  1341 | D:2      | Reached XP level 4. HP: 20/37 MP: 4/4
  1564 | D:2      | Noticed Natasha
  1630 | D:2      | Gained mutation: Your magical capacity is low (-10% MP). [potion of mutation]
  1630 | D:2      | Gained mutation: You tend to lose your temper in combat. [potion of mutation]
  1630 | D:2      | Gained mutation: You have supernaturally acute eyesight. [potion of mutation]
  1656 | D:2      | HP: 1/37 [Natasha (6)]
  1658 | D:2      | Lost mutation: You have supernaturally acute eyesight. [potion of cure mutation]
  1658 | D:2      | Lost mutation: Your magical capacity is low (-10% MP). [potion of cure mutation]
  1658 | D:2      | Lost mutation: You tend to lose your temper in combat. [potion of cure mutation]
  1658 | D:2      | Slain by Natasha

Vault maps used:
D:1:      dpeg_arrival_morbid_curiosity
D:2:      serial_bayou, serial_bayou_pond_b, serial_bayou_crossing,
          serial_bayou_pond_d, serial_bayou_shore_a, ecumenical_altar_2,
          uniq_natasha

Action                   |  1- 3 |  4- 6 || total
-------------------------+-------+-------++-------
Melee: War axe           |   107 |    40 ||   147
  Use: Scroll            |     1 |     3 ||     4
       Potion            |       |     4 ||     4
  Eat: Chunk             |     1 |     1 ||     2
